PBL
PARIS CUBS @ WINNIPEG GOLDEYES
09/27/2048
 
TOP OF THE 1ST
Paris Cubs batting - Pitching for Winnipeg Goldeyes : RHP Jose Zavala
Pitching: RHP Jose Zavala
Batting: RHB Willie Rubio 0-0: Called Strike
0-1: Ball
1-1: Ball
2-1: Ball
3-1: Base on Balls
Batting: LHB Tyler Schuettler 0-0: Ball
1-0: Ball
2-0: Ground out 4-3 (Groundball, 34D, EV 90.6 MPH)
Willie Rubio to second
Batting: LHB Jeremy Rideout 0-0: Ball
1-0: Called Strike
1-1: Foul Ball, location: 2F
1-2: Fly out, F9 (Flyball, 89S, EV 86.2 MPH)
Batting: LHB David Mendez 0-0: Called Strike
0-1: Swinging Strike
0-2: Fly out, F4 (Line Drive, 4, EV 70.6 MPH)
Top of the 1st over - 0 runs, 0 hits, 0 errors, 1 left on base; Paris 0 - Winnipeg 0
BOTTOM OF THE 1ST
Winnipeg Goldeyes batting - Pitching for Paris Cubs : RHP Brendan Malzone
Pitching: RHP Brendan Malzone
Batting: RHB Mike Berzins 0-0: Called Strike
0-1: Foul Ball, location: 2F
0-2: Ball
1-2: Strikes out swinging
Batting: RHB Settan Nakamura 0-0: Ball
1-0: Foul Ball, location: 2F
1-1: Foul Ball, location: 2F
1-2: Ball
2-2: Ball
3-2: SINGLE (Groundball, 5S, EV 63.8 MPH) (infield hit)
Batting: SHB Victor Turrubiate 0-0: Fielders Choice at 2nd, 6-4 (Groundball, 56, EV 88.1 MPH)
Batting: RHB Terry Oetker 0-0: Called Strike
Victor Turrubiate steals 2nd base
0-1: Swinging Strike
0-2: Foul Ball, location: 2F
0-2: Strikes out swinging
Bottom of the 1st over - 0 runs, 1 hit, 0 errors, 1 left on base; Paris 0 - Winnipeg 0
TOP OF THE 2ND
Paris Cubs batting - Pitching for Winnipeg Goldeyes : RHP Jose Zavala
Batting: RHB Jesus Resendez 0-0: Called Strike
0-1: Foul Ball, location: 2F
0-2: Foul Ball, location: 2F
0-2: DOUBLE (Flyball, 89D, EV 113.1 MPH)
Batting: LHB Don Crockett 0-0: Ball
1-0: Ball
2-0: Ground out 4-3 (Groundball, 34D, EV 103.8 MPH)
Jesus Resendez to third
Batting: RHB Mike Snider 0-0: Called Strike
0-1: Foul Ball, location: 2F
0-2: Strikes out swinging
Batting: RHB Jason Banks 0-0: Ground out U3 (Groundball, 34, EV 103.8 MPH)
Top of the 2nd over - 0 runs, 1 hit, 0 errors, 1 left on base; Paris 0 - Winnipeg 0
BOTTOM OF THE 2ND
Winnipeg Goldeyes batting - Pitching for Paris Cubs : RHP Brendan Malzone
Batting: RHB Alejandro de Jesus 0-0: Ball
1-0: Ball
2-0: Foul Ball, location: 2F
2-1: Called Strike
2-2: Strikes out swinging
Batting: RHB Yu-zeng Mai 0-0: Ball
1-0: SINGLE (Line Drive, 4MD, EV 103.8 MPH)
Batting: RHB Calvin Day 0-0: Called Strike
0-1: Ball
1-1: Swinging Strike
1-2: Foul Ball, location: 2F
1-2: Foul Ball, location: 2F
1-2: Hit by Pitch
Yu-zeng Mai to second
Batting: SHB Tim Lloyd 0-0: Ball
Wild Pitch!
Yu-zeng Mai to third
Calvin Day to second
1-0: Foul Ball, location: 2F
1-1: Swinging Strike
1-2: Strikes out swinging
Batting: RHB Ricky Saucedo 0-0: Ball
1-0: Ball
2-0: Swinging Strike
2-1: Foul Ball, location: 2F
2-2: Foul Ball, location: 2F
2-2: Strikes out swinging
Bottom of the 2nd over - 0 runs, 1 hit, 0 errors, 2 left on base; Paris 0 - Winnipeg 0
TOP OF THE 3RD
Paris Cubs batting - Pitching for Winnipeg Goldeyes : RHP Jose Zavala
Batting: RHB Michihisa Tanaka 0-0: Ball
1-0: Called Strike
1-1: Foul Ball, location: 2F
1-2: Ball
2-2: Ball
3-2: Strikes out looking
Batting: RHB Willie Rubio 0-0: Called Strike
0-1: Foul Ball, location: 2F
0-2: Ball
1-2: Strikes out swinging
Batting: LHB Tyler Schuettler 0-0: Called Strike
0-1: Fly out, F7 (Flyball, 7D, EV 96.2 MPH)
Top of the 3rd over - 0 runs, 0 hits, 0 errors, 0 left on base; Paris 0 - Winnipeg 0
BOTTOM OF THE 3RD
Winnipeg Goldeyes batting - Pitching for Paris Cubs : RHP Brendan Malzone
Batting: RHB Mike Berzins 0-0: Ball
1-0: Called Strike
1-1: Ball
2-1: Foul Ball, location: 2F
2-2: Ground out 5-3 (Groundball, 56S, EV 93.8 MPH)
Batting: RHB Settan Nakamura 0-0: Called Strike
0-1: Ball
1-1: Fly out, F7 (Flyball, 7D, EV 84.4 MPH)
Batting: SHB Victor Turrubiate 0-0: Ball
1-0: Ball
2-0: DOUBLE (Flyball, 7LD, EV 103.1 MPH)
Pitching: RHP Justin Rodrigues
Batting: RHB Terry Oetker 0-0: Ball
1-0: Swinging Strike
1-1: Swinging Strike
1-2: Ball
2-2: Ball
3-2: Foul Ball, location: 2F
3-2: Foul Ball, location: 2F
3-2: Strikes out looking
Bottom of the 3rd over - 0 runs, 1 hit, 0 errors, 1 left on base; Paris 0 - Winnipeg 0
TOP OF THE 4TH
Paris Cubs batting - Pitching for Winnipeg Goldeyes : RHP Jose Zavala
Batting: LHB Jeremy Rideout 0-0: Ball
1-0: Called Strike
1-1: Foul Ball, location: 2F
1-2: Strikes out swinging
Batting: LHB David Mendez 0-0: Ground out U3 (Groundball, 3, EV 107.5 MPH)
Batting: RHB Jesus Resendez 0-0: Ball
1-0: Ball
2-0: Swinging Strike
2-1: Foul Ball, location: 2F
2-2: Strikes out swinging
Top of the 4th over - 0 runs, 0 hits, 0 errors, 0 left on base; Paris 0 - Winnipeg 0
BOTTOM OF THE 4TH
Winnipeg Goldeyes batting - Pitching for Paris Cubs : RHP Justin Rodrigues
Batting: RHB Alejandro de Jesus 0-0: Fly out, F8 (Flyball, 89D, EV 80.0 MPH)
Batting: RHB Yu-zeng Mai 0-0: Called Strike
0-1: Ground out 4-3 (Groundball, 4M, EV 81.9 MPH)
Batting: RHB Calvin Day 0-0: Ball
1-0: Ground out 3-1 (Groundball, 34, EV 84.4 MPH)
Bottom of the 4th over - 0 runs, 0 hits, 0 errors, 0 left on base; Paris 0 - Winnipeg 0
TOP OF THE 5TH
Paris Cubs batting - Pitching for Winnipeg Goldeyes : RHP Jose Zavala
Batting: LHB Don Crockett 0-0: SINGLE (Flyball, 5D, EV 91.9 MPH)
Batting: RHB Mike Snider 0-0: Ball
1-0: Called Strike
1-1: Swinging Strike
1-2: Strikes out swinging
Batting: RHB Jason Banks 0-0: Ball
1-0: Foul Ball, location: 2F
1-1: Swinging Strike
1-2: Strikes out looking
Batting: RHB Michihisa Tanaka 0-0: Ball
1-0: Ball
2-0: Swinging Strike
2-1: Called Strike
2-2: Ball
3-2: Base on Balls
Don Crockett to second
Batting: RHB Willie Rubio 0-0: Ball
1-0: Ground out U3 (Groundball, 3, EV 83.8 MPH)
Top of the 5th over - 0 runs, 1 hit, 0 errors, 2 left on base; Paris 0 - Winnipeg 0
BOTTOM OF THE 5TH
Winnipeg Goldeyes batting - Pitching for Paris Cubs : RHP Justin Rodrigues
Pinch Hitting: RHB Mitsuhiro Kobayashi 0-0: Fly out, F9 (Flyball, 9S, EV 76.2 MPH)
Batting: RHB Ricky Saucedo 0-0: Called Strike
0-1: Swinging Strike
0-2: Ball
1-2: Strikes out swinging
Batting: RHB Mike Berzins 0-0: Called Strike
0-1: Foul Ball, location: 2F
0-2: Foul Ball, location: 2F
0-2: Strikes out swinging
Bottom of the 5th over - 0 runs, 0 hits, 0 errors, 0 left on base; Paris 0 - Winnipeg 0
TOP OF THE 6TH
Paris Cubs batting - Pitching for Winnipeg Goldeyes : RHP Jose Zavala
Now in RF: Dave Bertheau
Batting: LHB Tyler Schuettler 0-0: Foul Ball, location: 2F
0-1: Ball
1-1: Ball
2-1: Called Strike
2-2: Fly out, F7 (Flyball, 7D, EV 95.0 MPH)
Batting: LHB Jeremy Rideout 0-0: Ball
1-0: Ball
2-0: Called Strike
2-1: Called Strike
2-2: Ball
3-2: Fly out, F8 (Flyball, 8LD, EV 80.0 MPH)
Batting: LHB David Mendez 0-0: Fly out, F7 (Line Drive, 7, EV 92.5 MPH)
Top of the 6th over - 0 runs, 0 hits, 0 errors, 0 left on base; Paris 0 - Winnipeg 0
BOTTOM OF THE 6TH
Winnipeg Goldeyes batting - Pitching for Paris Cubs : RHP Justin Rodrigues
Batting: RHB Settan Nakamura 0-0: Swinging Strike
0-1: Ball
1-1: Ball
2-1: Swinging Strike
2-2: SINGLE (Flyball, 9S, EV 93.1 MPH)
Batting: SHB Victor Turrubiate 0-0: Called Strike
Settan Nakamura steals 2nd base (no throw)
0-1: Ball
1-1: Fly out, F7 (Flyball, 78M, EV 92.5 MPH)
Batting: RHB Terry Oetker 0-0: Called Strike
0-1: Ball
1-1: Foul Ball, location: 2F
1-2: Ball
2-2: Foul Ball, location: 2F
2-2: Foul Ball, location: 2F
2-2: Foul Ball, location: 2F
2-2: Ball
3-2: Base on Balls
Pitching: RHP Tyler McCoy
Batting: RHB Alejandro de Jesus 0-0: Ball
1-0: Ball
2-0: Ball
Wild Pitch!
Settan Nakamura to third
Terry Oetker to second
3-0: Base on Balls
Batting: RHB Yu-zeng Mai 0-0: DOUBLE (Groundball, 5L, EV 94.4 MPH)
Settan Nakamura scores
Terry Oetker scores
Alejandro de Jesus to third
Runner from 3rd tries for Home, SAFE, no throw by LF
Batting: RHB Calvin Day 0-0: Called Strike
0-1: Ball
1-1: Swinging Strike
1-2: Ball
2-2: Ball
3-2: Foul Ball, location: 2F
3-2: Strikes out swinging
Batting: LHB Dave Bertheau 0-0: Ball
1-0: Fly out, F6 (Popup, 15S, EV 90.0 MPH)
Bottom of the 6th over - 3 runs, 2 hits, 0 errors, 1 left on base; Paris 0 - Winnipeg 3
TOP OF THE 7TH
Paris Cubs batting - Pitching for Winnipeg Goldeyes : RHP Jose Zavala
Batting: RHB Jesus Resendez 0-0: Ground out 5-3 (Groundball, 5L, EV 80.6 MPH)
Batting: LHB Don Crockett 0-0: Ball
1-0: Foul Ball, location: 2F
1-1: Foul Ball, location: 2F
1-2: Ball
2-2: Foul Ball, location: 2F
2-2: Strikes out swinging
Batting: RHB Mike Snider 0-0: Ball
1-0: Called Strike
1-1: Fly out, F2 (Popup, 2RF, EV 90.0 MPH)
Top of the 7th over - 0 runs, 0 hits, 0 errors, 0 left on base; Paris 0 - Winnipeg 3
BOTTOM OF THE 7TH
Winnipeg Goldeyes batting - Pitching for Paris Cubs : RHP Tyler McCoy
Batting: RHB Ricky Saucedo 0-0: Called Strike
0-1: Ball
1-1: Ball
2-1: Ball
3-1: SINGLE (Groundball, 56D, EV 93.8 MPH)
Batting: RHB Mike Berzins 0-0: Ball
1-0: Bunt missed!
1-1: Sac Bunt to 13S - play at first, batter OUT! 1-3
Ricky Saucedo to second
Batting: RHB Settan Nakamura 0-0: Ball
1-0: Foul Ball, location: 2F
1-1: Foul Ball, location: 2F
1-2: Foul Ball, location: 2F
1-2: Foul Ball, location: 2F
1-2: Strikes out swinging
Pitching: LHP Mike Anderson
Batting: SHB Victor Turrubiate 0-0: Ball
1-0: Fly out, F9 (Line Drive, 89D, EV 97.5 MPH)
Bottom of the 7th over - 0 runs, 1 hit, 0 errors, 1 left on base; Paris 0 - Winnipeg 3
TOP OF THE 8TH
Paris Cubs batting - Pitching for Winnipeg Goldeyes : RHP Jose Zavala
Pitching: LHP Bryce Alexander
Batting: RHB Jason Banks 0-0: Ball
1-0: Called Strike
1-1: Foul Ball, location: 2F
1-2: Ball
2-2: Strikes out swinging
Batting: RHB Michihisa Tanaka 0-0: Swinging Strike
0-1: Fly out, F7 (Line Drive, 7S, EV 111.2 MPH)
Batting: RHB Willie Rubio 0-0: Foul Ball, location: 2F
0-1: Ground out 4-3 (Groundball, 4, EV 100.0 MPH)
Top of the 8th over - 0 runs, 0 hits, 0 errors, 0 left on base; Paris 0 - Winnipeg 3
BOTTOM OF THE 8TH
Winnipeg Goldeyes batting - Pitching for Paris Cubs : LHP Mike Anderson
Batting: RHB Terry Oetker 0-0: Ball
1-0: Swinging Strike
1-1: Foul Ball, location: 2F
1-2: Ball
2-2: Ground out 5-3 (Groundball, 56S, EV 90.6 MPH)
Batting: RHB Alejandro de Jesus 0-0: Ball
1-0: Fly out, F6 (Popup, 6, EV 63.8 MPH)
Batting: RHB Yu-zeng Mai 0-0: Ball
1-0: Fly out, F7 (Flyball, 7, EV 87.5 MPH)
Bottom of the 8th over - 0 runs, 0 hits, 0 errors, 0 left on base; Paris 0 - Winnipeg 3
TOP OF THE 9TH
Paris Cubs batting - Pitching for Winnipeg Goldeyes : LHP Bryce Alexander
Batting: LHB Tyler Schuettler 0-0: Ball
1-0: Called Strike
1-1: Foul Ball, location: 2F
1-2: Ball
2-2: Strikes out swinging
Pinch Hitting: RHB Juan Tarin 0-0: Called Strike
0-1: Ball
1-1: Ball
2-1: Called Strike
2-2: Ball
3-2: Ground out 6-3 (Groundball, 6, EV 90.6 MPH)
Batting: LHB David Mendez 0-0: Ball
1-0: Ball
2-0: Ball
3-0: Swinging Strike
3-1: Base on Balls
Pinch Hitting: LHB Bobby Marlatt 0-0: Called Strike
0-1: Ball
1-1: Called Strike
1-2: Fly out, F8 (Flyball, 8RD, EV 102.5 MPH)
Top of the 9th over - 0 runs, 0 hits, 0 errors, 1 left on base; Paris 0 - Winnipeg 3
Tuesday, March 28th , 2023 - OOTP Baseball 23.10 Build 110